 Dungeon Crawl Stone Soup version 0.32-a0-747-gc8563f6773 (webtiles) character file.

Game seed: 10664783837737294555

82 bjtr the Apothecary (level 4, -9/21 HPs)
             Began as a Vine Stalker Alchemist on Mar 18, 2024.
             Mangled by Crazy Yiuf
             ... wielding a +4 quarterstaff of chaos
              (10 damage)
             ... on level 2 of the Dungeon.
             The game lasted 00:07:09 (1889 turns).

bjtr the Apothecary (Vine Stalker Alchemist)        Turns: 1889, Time: 00:07:11

Health: -9/21      AC:  3    Str:  8 (10) XL:     4   Next: 43%
Magic:  0/9        EV: 10    Int: 15 (17) God:
Gold:   46         SH:  0    Dex: 13 (15) Spells: 0/8 levels left

rFire   + . .        n - +2 dagger (drain)
rCold   . . .        (no shield)
rNeg    . . .        m - +0 leather armour
rPois   .            (no helmet)
rElec   .            (no cloak)
rCorr   .            (no gloves)
SInv    .            (no boots)
Will    .....        (no amulet)
Stlth   ++           p - ring of protection from fire
HPRegen 1.03/turn    q - ring of wizardry
MPRegen 0.11/turn

%: guardian spirit, wizardry (x1)
@: mighty, lethally poisoned (-9 -> -11), attractive, very slightly contaminated
A: fangs 2, regeneration 1, magic shield, antimagic bite, no potion heal 2
a: no special abilities


You were on level 2 of the Dungeon.
You visited 1 branch of the dungeon, and saw 2 of its levels.

You collected 46 gold pieces.

Inventory:

Hand Weapons
 n - a +2 dagger of draining (weapon)
Armour
 a - a +0 robe
 m - a +0 leather armour (worn)
Jewellery
 p - a ring of protection from fire (left hand)
 q - a ring of wizardry (right hand)
Scrolls
 c - a scroll of immolation {unknown}
 e - a scroll of enchant weapon {unknown}
 g - a scroll of revelation {unknown}
 i - a scroll of amnesia {unknown}
 k - a scroll of fear {unknown}
 l - 2 scrolls of identify {unknown}
 o - a scroll of butterflies {unknown}
Potions
 d - a potion of attraction
 h - a potion of curing {unknown}
 j - a potion of lignification {unknown}


   Skills:
 + Level 0.2 Fighting
 * Level 1.6 Short Blades
 + Level 0.2 Armour
 + Level 1.7 Dodging
 + Level 2.7 Stealth
 + Level 2.7 Spellcasting
 + Level 1.6 Conjurations
 + Level 3.5 Alchemy


You couldn't memorise any spells.
You knew the following spells:

 Your Spells              Type           Power      Damage    Failure   Level
a - Sting                 Conj/Alch      36%        1d5       4%          1
c - Mephitic Cloud        Conj/Alch/Air  7%         N/A       16%         3
d - Olgreb's Toxic Radia  Alch           12%        N/A       26%         4

Your spell library contained the following spells:

 Spells                   Type           Power      Damage    Failure   Level
 Mercury Vapours          Alch/Air       14%        N/A       9%          2
 Sticky Flame             Fire/Alch      7%         2d4       45%         4
 Animate Dead             Necr           2%         N/A       71%         4
 Haunt                    Necr/Summ      1%         N/A       100%        7
 Infestation              Necr           1%         N/A       100%        8


Dungeon Overview and Level Annotations

Branches:
Dungeon (2/15)

Altars:

Annotations:
D:2 Crazy Yiuf


Innate Abilities, Weirdness & Mutations

You have extremely sharp teeth.
Your natural rate of healing is unusually fast.
When hurt, damage is shared between your health and your magic reserves.
Your bite disrupts and absorbs the magic of your enemies.
Potions cannot restore your health.


Message History

Unknown command.
Unknown command.
Unknown command.
You open the door.
Casting: Sting (safe; 3% risk of failure)
Confirm with . or Enter, or press ? or * to list all spells.
You miscast Olgreb's Toxic Radiance.
You are very lightly contaminated with residual magic.
There is a flash of cinnabar.
You are poisoned.
You feel very sick.
Crazy Yiuf whimpers, "You aubergine Orb Guardian!"
Crazy Yiuf barely misses you.
Unknown command.
Casting: Olgreb's Toxic Radiance (astonishingly dangerous; 22% risk of failure)
Confirm with . or Enter, or press ? or * to list all spells.
You miscast Olgreb's Toxic Radiance.
Nothing appears to happen.
You feel very sick.
Crazy Yiuf hits you with a +4 quarterstaff of chaos!
You feel very mighty all of a sudden.
Unknown command.
Magic courses through your body.
* * * LOW HITPOINT WARNING * * *
You feel very sick. Crazy Yiuf barely misses you.
Unknown command.
It was a potion of attraction.
You feel attractive to monsters.
* * * LOW HITPOINT WARNING * * *
You feel sick.
Crazy Yiuf hits you with a +4 quarterstaff of chaos!
* * * LOW HITPOINT WARNING * * *
Crazy Yiuf burns you.
It was a potion of degeneration.
There was something very wrong with that liquid.
You feel weakened.
You feel dopey.
You feel clumsy.
* * * LOW HITPOINT WARNING * * *
You feel sick.
Crazy Yiuf grits, "Buddy poople hog!"
Crazy Yiuf hits you with a +4 quarterstaff of chaos!
You die...

#.##..# #.....# #.#...#
#.#...# ##### ......# #..)#
....### #...# ##### ... #
#g# #### # ######### ♣♣@♣
#..# ####.......# ♣.♣♣ ##.#
##....†.#### ♣♣.♣ #.#
##.#.##.#### ♣.♣♣ ##.#
#.#.##.#.># ♣♣.♣♣ #..#
#.#[......# ♣..P♣♣ #.##
#.#..#.#..# ♣P.PP♣ #.####
##.#..#.##.# #....# #....#
........##.####..#####.##.#


You could see Crazy Yiuf.

Vanquished Creatures
  4 adders (D:2)
  A dart slug (D:2)
  A ribbon worm (D:2)
  An orc (D:2)
  An endoplasm (D:1)
  3 giant cockroaches
  2 goblins (D:2)
  6 hobgoblins
  3 kobolds
  2 quokkas (D:1)
  3 ball pythons
  8 bats
  A frilled lizard (D:2)
  7 rats
43 creatures vanquished.

Notes
Turn   | Place    | Note
-------+----------+-------------------------------------------
     0 | D:1      | bjtr the Vine Stalker Alchemist began the quest for the
                  | Orb.
     0 | D:1      | Reached XP level 1. HP: 9/9 MP: 4/4
   364 | D:1      | Reached XP level 2. HP: 13/13 MP: 6/6
  1063 | D:2      | Reached XP level 3. HP: 15/16 MP: 5/7
  1121 | D:2      | Reached skill level 1 in Short Blades
  1338 | D:2      | Reached XP level 4. HP: 21/21 MP: 5/9
  1482 | D:2      | Learned a level 3 spell: Mephitic Cloud
  1487 | D:2      | Learned a level 4 spell: Olgreb's Toxic Radiance
  1878 | D:2      | Found a runed translucent door.
  1879 | D:2      | Noticed Crazy Yiuf
  1889 | D:2      | HP: 1/21 [poison]
  1889 | D:2      | Mangled by Crazy Yiuf

Illustrated notes

Levels and vault maps discovered:
D:1:      co_arrival_random_square_maze, layout_basic, wad_floor_pattern_1
D:2:      layout_loops_cross, uniq_crazy_yiuf_cottage

Skill      XL: |  1  2  3 |
---------------+----------+-----
Short Blades   | 1 |  1.6
Fighting       | |  0.2
Armour         | |  0.2
Dodging        | |  1.7
Stealth        | |  2.7
Spellcasting   | |  2.7
Conjurations   | |  1.6
Alchemy        | |  3.5

Action                     |  1- 3 |  4- 6 || total
---------------------------+-------+-------++-------
  Melee: Dagger            |    33 |    13 ||    46
         Bite              |    10 |     1 ||    11
   Cast: Sting             |    46 |     6 ||    52
         Olgreb's Toxic Ra |       |     1 ||     1
    Use: Potion            |       |     3 ||     3
   Stab: Sleeping          |     2 |     3 ||     5
 Armour: Robe              |     7 |       ||     7
         Leather armour    |    19 |    12 ||    31
  Dodge: Dodged            |    23 |    15 ||    38

Table legend: (Time is in decaauts)
 A = Elapsed time spent in this place.
 B = Non-inter-level travel time spent in this place.
 C = Inter-level travel time spent in this place.
 D = Time resting spent in this place.
 E = Time spent auto-exploring this place.
 F = Levels seen in this place.
 G = Mean time per level.
                   A        B        C        D        E       F      G
               +--------+--------+--------+--------+--------+-----+--------+
         Total |   1884 |   1872 |     12 |     38 |   1465 |   2 |  942.0 |
       Dungeon |   1884 |   1872 |     12 |     38 |   1465 |   2 |  942.0 |
               +--------+--------+--------+--------+--------+-----+--------+

Top non-repeatable levels by time:
     D:1: 972 daAuts
     D:2: 911 daAuts
